 Dungeon Crawl Stone Soup version 0.31.0-32-g396128a36d (webtiles) character file.

Game seed: 1300718077379096635

1140 aracne12 the Conjurer (level 8, -2/53 HPs)
             Began as an Octopode Conjurer on Apr 13, 2024.
             Was an Initiate of Vehumet.
             Shot with an arrow by a centaur (9 damage)
             ... on level 5 of the Dungeon.
             The game lasted 00:23:23 (6228 turns).

aracne12 the Conjurer (Octopode Conjurer)           Turns: 6228, Time: 00:23:24

Health: -2/53      AC:  1    Str:  7    XL:     8   Next: 37%
Magic:  5/16       EV:  9    Int: 22    God:    Vehumet [......]
Gold:   327        SH:  6    Dex: 10    Spells: 3/18 levels left

rFire   . . .        (no weapon)
rCold   . . .        n - +0 kite shield
rNeg    . . .        (helmet restricted)
rPois   +            x - amulet of regeneration
rElec   .            e - ring of poison resistance
rCorr   .            i - +4 ring of slaying
SInv    .            (no ring)
Will    .....        (no ring)
Stlth   +            (no ring)
HPRegen 1.08/turn    (no ring)
MPRegen 0.15/turn    (no ring)
                     (no ring)

%: no passive effects
@: on fire, marked, glowing
A: almost no armour, amphibious, 8 rings, camouflage 1, gelatinous body 1,
(nimble swimmer 1), tentacles
a: Renounce Religion


You were on level 5 of the Dungeon.
You worshipped Vehumet.
Vehumet was noncommittal.
You visited 1 branch of the dungeon, and saw 5 of its levels.
You also visited: Ossuary.

You collected 327 gold pieces.

Inventory:

Hand Weapons
 g - a +0 mace
 h - a +0 rapier
 m - a +0 great sword of draining
Armour
 n - a +0 kite shield (worn)
 B - a +0 troll leather armour {Pargi}
Jewellery
 e - a ring of poison resistance (left tentacle)
 i - a +4 ring of slaying (right tentacle)
 x - an amulet of regeneration (around mantle)
Talismans
 d - a flux talisman
Scrolls
 j - a scroll of vulnerability {unknown}
 l - 2 scrolls of teleportation
 t - a scroll of fear {unknown}
 v - 2 scrolls of enchant armour {unknown}
 w - 4 scrolls of noise
 y - a scroll of silence {unknown}
 A - a scroll of poison {unknown}
 C - a scroll of butterflies {unknown}
Potions
 a - 2 potions of magic
 b - 2 potions of might {unknown}
 k - 2 potions of berserk rage {unknown}
 o - a potion of brilliance {unknown}
 q - 2 potions of haste {unknown}
 r - 2 potions of ambrosia {unknown}
 s - a potion of enlightenment {unknown}
 u - 2 potions of lignification {unknown}
 z - a potion of invisibility {unknown}


   Skills:
 + Level 3.6 Fighting
 - Level 2.0 Dodging
 - Level 2.6 Stealth
 * Level 5.5 Spellcasting
 * Level 7.0 Conjurations
 + Level 0.8 Hexes
 + Level 1.4 Translocations
 + Level 1.7 Alchemy
 + Level 1.3 Shapeshifting


You had 3 spell levels left.
You knew the following spells:

 Your Spells              Type           Power      Damage    Failure   Level
a - Magic Dart            Conj           100%       1d8       4%          1
b - Searing Ray           Conj           74%        2d7       7%          2
c - Fulminant Prism       Conj/Alch      12%        3d8       80%         4
d - Iskenderun's Mystic   Conj/Tloc      24%        2d7       82%         4
e - Slow                  Hex            36%        N/A       50%         1
f - Sigil of Binding      Hex            9%         N/A       86%         3

Your spell library contained the following spells:

 Spells                   Type           Power      Damage    Failure   Level
 Confusing Touch          Hex            9%         N/A       86%         3
 Vampiric Draining        Necr           6%         2d6       94%         3


Dungeon Overview and Level Annotations

Branches:
Dungeon (5/15)            Ossuary (visited)
 Temple: D:4-7

Altars:
Hepliaklqana
Okawaru
Vehumet
Yredelemnul

Shops:
D:2 (


Innate Abilities, Weirdness & Mutations

You cannot wear most types of armour.
You are amphibious.
You can wear up to eight rings at the same time.
Your skin changes colour to match your surroundings (Stealth+).
Your rubbery body absorbs attacks. (AC +1, EV +1)
((You are camouflaged when in or above water. (Stealth+)))
You have tentacles for arms and can constrict up to eight enemies at once.


Message History

The magic dart hits the bombardier beetle.
The bombardier beetle is almost dead.
The liquid fire burns you!
Your magical contamination has completely faded away.
Aiming: Magic Dart (safe; 4% risk of failure)
Press: ? - help, Q - select action, (/) - cycle Shift-Dir - straight line, f/p - bombardier beetle
Aim: a bombardier beetle (almost dead, 100% to hit)
The magic dart hits the bombardier beetle.
You kill the bombardier beetle!
Vehumet accepts your kill. The liquid fire burns you!
* * * LOW HITPOINT WARNING * * *
Aiming: Magic Dart (safe; 4% risk of failure)
Press: ? - help, Q - select action, (/) - cycle Shift-Dir - straight line, f - centaur
Aim: a centaur, wielding a +0 orcbow (100% to hit)
The magic dart hits the centaur!
The centaur is moderately wounded.
The liquid fire burns you!
* * * LOW HITPOINT WARNING * * *
The centaur shoots an arrow.
The arrow completely misses you.
The centaur shoots an arrow.
You block the arrow.
Aiming: Magic Dart (safe; 4% risk of failure)
Press: ? - help, Q - select action, (/) - cycle Shift-Dir - straight line, f/p - centaur
Aim: a centaur, wielding a +0 orcbow (moderately wounded, 100% to hit)
The magic dart hits the centaur.
The centaur is severely wounded.
The liquid fire burns you!
* * * LOW HITPOINT WARNING * * *
The centaur shoots an arrow.
The arrow closely misses you.
Unknown command.
Aiming: Magic Dart (safe; 4% risk of failure)
Press: ? - help, Q - select action, (/) - cycle Shift-Dir - straight line, f/p - centaur
Aim: a centaur, wielding a +0 orcbow (severely wounded, 100% to hit)
The magic dart hits the centaur but does no damage.
The centaur is severely wounded.
The liquid fire burns you!
* * * LOW HITPOINT WARNING * * *
The centaur shoots an arrow.
The arrow barely misses you.
The centaur shoots an arrow.
The arrow hits you!
You die...

### ..# #.#
...
#.#####†###.#
#.c...c.....#
#####.#
#<...@#
#######


You could see a centaur.

Vanquished Creatures
  The ghost of riffraff the Ruffian, an amateur DrSh of Yredelemnul (D:4)
  Pargi (D:4)
  An orc warrior (D:4)
  An ice beast (D:4)
  2 weeping skulls
  A scorpion (D:4)
  3 water moccasin zombies (Ossuary)
  A bombardier beetle (D:5)
  A jelly (D:4)
  A spectral scorpion (Ossuary)
  Natasha (twice) (D:2)
  A crocodile zombie (Ossuary)
  2 mummies (Ossuary)
  5 gnolls
  2 adders
  2 adder zombies (Ossuary)
  A ribbon worm (D:2)
  2 dart slugs
  An orc (D:4)
  9 bats
  8 endoplasms
  5 giant cockroaches
  11 gnoll zombies (Ossuary)
  5 goblins
  4 hobgoblins
  8 jackals
  3 quokkas
  7 ball pythons
  3 frilled lizards
  4 jackal zombies (Ossuary)
  5 kobolds
  4 orc zombies (Ossuary)
  5 rats
  A spectral orc (D:4)
113 creatures vanquished.

Notes
Turn   | Place    | Note
-------+----------+-------------------------------------------
     0 | D:1      | aracne12 the Octopode Conjurer began the quest for the Orb.
     0 | D:1      | Reached XP level 1. HP: 11/11 MP: 3/3
    14 | D:1      | Found a faded altar of an unknown god.
   205 | D:1      | Reached XP level 2. HP: 17/17 MP: 0/5
  1005 | D:1      | Reached XP level 3. HP: 22/22 MP: 1/6
  1295 | D:2      | Noticed Natasha
  1301 | D:1      | Learned a level 2 spell: Searing Ray
  1681 | D:2      | Found Ynurats's Antique Weapon Shop.
  1769 | D:2      | Reached skill level 1 in Fighting
  1859 | D:2      | Killed Natasha
  1860 | D:2      | Reached XP level 4. HP: 7/28 MP: 2/8
  1999 | D:2      | Noticed Natasha
  2005 | D:2      | Killed Natasha
  2428 | D:3      | Reached skill level 5 in Conjurations
  2428 | D:3      | Reached XP level 5. HP: 20/33 MP: 2/9
  2489 | D:3      | Learned a level 4 spell: Fulminant Prism
  2715 | D:3      | Found an iron altar of Okawaru.
  3180 | D:4      | Found a sand-covered staircase.
  3189 | Ossuary  | Entered an ossuary
  3383 | Ossuary  | Reached XP level 6. HP: 30/39 MP: 6/11
  3690 | Ossuary  | Reached skill level 6 in Conjurations
  3775 | Ossuary  | Reached XP level 7. HP: 36/44 MP: 9/13
  4410 | D:4      | Noticed riffraff's ghost (amateur DrSh)
  4597 | D:4      | Learned a level 4 spell: Iskenderun's Mystic Blast
  4605 | D:4      | Found a runed translucent gate.
  4605 | D:4      | Found a runed translucent gate.
  4605 | D:4      | Found a runed translucent gate.
  4632 | D:4      | Reached skill level 5 in Spellcasting
  4689 | D:4      | Noticed Pargi
  4703 | D:4      | Killed Pargi
  4804 | D:4      | Found a basalt altar of Yredelemnul.
  4824 | D:4      | Reached skill level 1 in Translocations
  4824 | D:4      | Reached skill level 1 in Alchemy
  4824 | D:4      | Reached XP level 8. HP: 48/52 MP: 6/15
  4977 | D:4      | Found a radiant altar of Vehumet.
  5343 | D:4      | Learned a level 1 spell: Slow
  5347 | D:4      | Learned a level 3 spell: Sigil of Binding
  5403 | D:4      | Found a hazy altar of Hepliaklqana.
  5835 | D:4      | Reached skill level 1 in Shapeshifting
  5979 | D:4      | Killed riffraff's ghost
  5980 | D:4      | Reached skill level 7 in Conjurations
  6193 | D:4      | Became a worshipper of Vehumet
  6209 | D:5      | Entered Level 5 of the Dungeon
  6228 | D:5      | Shot with an arrow by a centaur

Illustrated notes

Levels and vault maps discovered:
D:1:      psy_arrival_statuary, layout_rooms, hellmonk_ecumenical_altar_run_dry,
          dreamdust_wishing_well
D:2:      layout_loops_ring, serial_shops, nicolae_shop_behind_doors,
          small_statue_intersection, uniq_natasha
D:3:      layout_basic, kennysheep_okawaru_gauntlet, st_stairs_8
D:4:      layout_layer_cave, mainiacjoe_overflow_alcove_1,
          yredelemnul_forgotten_temple_becter, overflow_temple_1_default,
          gammafunk_ghost_split, enter_ossuary_3, ebering_dispersal_statue_hall,
          uniq_pargi
D:5:      layout_basic, grunt_temple_overflow_open, nicolae_gozag_seed_capital

Skill      XL: |  1  2  3  4  5  6  7  8 |
---------------+-------------------------+-----
Fighting       | 1 2 3 |  3.6
Spellcasting   | 3 4 5 |  5.5
Conjurations   | 5 6 7 |  7.0
Translocations | 1 |  1.4
Alchemy        | 1 |  1.7
Shapeshifting  | 1 |  1.3
Dodging        | |  2.0
Stealth        | |  2.6
Hexes          | |  0.8

Action                     |  1- 3 |  4- 6 |  7- 9 || total
---------------------------+-------+-------+-------++-------
  Melee: Unarmed           |     7 |       |    24 ||    31
         Tentacles         |     5 |    13 |    12 ||    30
         Constrict         |     8 |    15 |     6 ||    29
         Mace              |    18 |     1 |       ||    19
         Great sword       |       |    44 |    17 ||    61
         Punch             |       |     2 |       ||     2
   Cast: Magic Dart        |    57 |    93 |    98 ||   248
    Use: Scroll            |     1 |     1 |     3 ||     5
         Potion            |       |     1 |     4 ||     5
   Stab: Sleeping          |     3 |     6 |       ||     9
 Armour: Skin              |    14 |    42 |    61 ||   117
  Dodge: Dodged            |    16 |    40 |    46 ||   102
  Block: Kite shield       |       |       |    20 ||    20
